[Event "EDAMI"]
[Site "Internet Chess Club"]
[Date "2020.03.28"]
[Round "1"]
[White "tomasgarrido"]
[Black "capawhite"]
[Result "0-1"]
[ICCResult "White checkmated"]
[WhiteElo "1243"]
[BlackElo "1440"]
[Opening "Queen's pawn game"]
[ECO "D05"]
[NIC "QP.08"]
[Time "13:00:38"]
[TimeControl "300+3"]

1. d4 d5 2. e3 Nf6 3. Nf3 e6 4. Nc3 a6 5. g3 c5 6. dxc5 Bxc5 7. Ne5 Nc6 8.
Nxc6 bxc6 9. Bh3 O-O 10. Bd2 a5 11. b3 Ba6 12. Qf3 e5 13. e4 Re8 14. Qg4
Nxg4 15. Bxg4 Qf6 16. exd5 Qxf2+ 17. Kd1 Rad8 18. dxc6 Qxd2# {White
checkmated} 0-1

[Event "EDAMI"]
[Site "Internet Chess Club"]
[Date "2020.03.28"]
[Round "1"]
[White "JORGEVALLES"]
[Black "JotaAlvarez"]
[Result "0-1"]
[ICCResult "White resigns"]
[WhiteElo "987"]
[BlackElo "1392"]
[Opening "Queen's pawn game"]
[ECO "A45"]
[NIC "QP.07"]
[Time "13:00:27"]
[TimeControl "300+3"]

1. d4 Nf6 2. Na3 d5 3. Bf4 c6 4. Qd3 e6 5. O-O-O Bd6 6. Bxd6 Qxd6 7. Qg3
Qxg3 8. fxg3 Ne4 9. Nh3 e5 10. dxe5 Bxh3 11. gxh3 Nf2 12. Rg1 Nxd1 13. Kxd1
Nd7 14. e3 Nxe5 15. Be2 O-O 16. Nb1 Nc4 17. Nd2 Nxe3+ 18. Kc1 Rfe8 19. Rf1
Nxf1 20. c3 Rxe2 {White resigns} 0-1

[Event "EDAMI"]
[Site "Internet Chess Club"]
[Date "2020.03.28"]
[Round "1"]
[White "Poleras123"]
[Black "EnautG"]
[Result "1-0"]
[ICCResult "Black resigns"]
[WhiteElo "1220"]
[BlackElo "1227"]
[Opening "Four knights: Italian variation"]
[ECO "C47"]
[NIC "KP.06"]
[Time "13:00:25"]
[TimeControl "300+3"]

1. e4 e5 2. Nf3 Nc6 3. Nc3 Nf6 4. Bc4 Bb4 5. Ng5 h6 6. Nxf7 Qe7 7. Nxh8 d6
8. Ng6 Qf7 9. Qh5 Bg4 10. Qh4 Qxg6 11. O-O Nxe4 12. Nxe4 Qxe4 13. Bd3 Qd4
14. c3 Qf4 15. cxb4 g5 16. Qg3 Qxg3 17. fxg3 Nxb4 18. Bg6+ Kd7 19. Rf7+ Kc6
20. Be4+ d5 21. Rf6+ Kc5 22. Bf5 Bxf5 23. Rxf5 Nc2 24. Rb1 Ne1 25. Rxe5 Nd3
26. Re3 Kd4 27. b3 Rf8 28. Bb2+ Kc5 29. Rxd3 d4 30. Rxd4 Re8 31. Rc1+
{Black resigns}
1-0

[Event "EDAMI"]
[Site "Internet Chess Club"]
[Date "2020.03.28"]
[Round "1"]
[White "semaqui08"]
[Black "PedreteBcn"]
[Result "1-0"]
[ICCResult "Black checkmated"]
[WhiteElo "1424"]
[BlackElo "1208"]
[Opening "Queen's pawn"]
[ECO "A40"]
[NIC "QO.17"]
[Time "13:00:19"]
[TimeControl "300+3"]

1. d4 e6 2. Bf4 f5 3. Nf3 Nf6 4. e3 d5 5. Be2 c6 6. Nbd2 Bd6 7. Ne5 O-O 8.
c4 b6 9. h4 Qc7 10. h5 Nbd7 11. Ndf3 Ne4 12. h6 Nxe5 13. Nxe5 g6 14. Bh5
gxh5 15. Qxh5 Bd7 16. f3 Nf6 17. Qg5+ Kh8 18. Qg7# {Black checkmated} 1-0

[Event "EDAMI"]
[Site "Internet Chess Club"]
[Date "2020.03.28"]
[Round "1"]
[White "planets45"]
[Black "MiquelGil"]
[Result "1-0"]
[ICCResult "Black checkmated"]
[WhiteElo "1398"]
[BlackElo "992"]
[Opening "KP: Nimzovich defense"]
[ECO "A04"]
[NIC "VO.05"]
[Time "13:00:27"]
[TimeControl "300+3"]

1. Nf3 Nc6 2. e4 Nf6 3. d3 e5 4. Be2 d5 5. d4 Bd6 6. Bd3 Be6 7. Qe2 O-O 8.
O-O Qd7 9. Be3 Rfe8 10. Nxe5 Nxe5 11. dxe5 Bxe5 12. Bb5 Qe7 13. Bxe8 Qxe8
14. exd5 Bxd5 15. Nc3 Bxa2 16. Rxa2 Qe6 17. Ra4 Qc6 18. Rh4 h6 19. b3 Qxc3
20. Bd2 Qa5 21. h3 Qa2 22. Qxe5 Nd7 23. Qe8+ Kh7 24. Qxa8 Nb6 25. Qf8 Qxc2
26. Be3 Qxb3 27. Rg4 Nc4 28. Rxg7# {Black checkmated} 1-0

[Event "EDAMI"]
[Site "Internet Chess Club"]
[Date "2020.03.28"]
[Round "1"]
[White "Luar10"]
[Black "paugallego"]
[Result "1-0"]
[ICCResult "Black resigns"]
[WhiteElo "1576"]
[BlackElo "1267"]
[Opening "French: Schlechter variation"]
[ECO "C01"]
[NIC "FR.01"]
[Time "13:02:41"]
[TimeControl "300+3"]

1. e4 e6 2. d4 d5 3. Bd3 dxe4 4. Bxe4 Nf6 5. Bf3 Nbd7 6. Ne2 Bd6 7. c4 c6 8.
Nbc3 O-O 9. O-O Qc7 10. h3 b6 11. Be3 Bb7 12. Rc1 Rac8 13. Qd2 Rfd8 14. Rfd1
Ne8 15. d5 e5 16. dxc6 Nc5 17. cxb7 Nxb7 18. Nd5 Qd7 19. Ndc3 Qc7 20. Nb5
Qb8 21. Bxb7 Qxb7 22. Nxd6 Nxd6 23. c5 {Black resigns} 1-0

[Event "EDAMI"]
[Site "Internet Chess Club"]
[Date "2020.03.28"]
[Round "1"]
[White "LucasCh"]
[Black "Jultxan"]
[Result "1-0"]
[ICCResult "Black checkmated"]
[WhiteElo "1137"]
[BlackElo "1199"]
[Opening "Four knights: double Ruy Lopez"]
[ECO "C49"]
[NIC "KP.03"]
[Time "13:00:25"]
[TimeControl "300+3"]

1. e4 e5 2. Nc3 Nf6 3. Nf3 Nc6 4. Bb5 Bb4 5. Bxc6 bxc6 6. Na4 c5 7. Nxe5 d6
8. c3 dxe5 9. cxb4 cxb4 10. Qb3 Be6 11. Qxb4 Qd7 12. O-O Qd8 13. Nc3 Rb8 14.
Qa5 c6 15. Qxd8+ Rxd8 16. Re1 Ng4 17. f3 Nf6 18. b4 Rd3 19. Bb2 Rxd2 20. g3
Rxb2 21. Re3 Rc2 22. Na4 Rc4 23. Rd3 Rxb4 24. Ra3 Rb2 25. Nxb2 Nh5 26. Rxa7
c5 27. Ra8+ Ke7 28. Rxh8 c4 29. Rc1 g5 30. Nxc4 Bxc4 31. Rxc4 Nf6 32. Rc7+
Kd6 33. Ra7 Kc5 34. Rb8 Kd4 35. Ra3 Nd7 36. Rb4+ Kc5 37. Rb7 Kc4 38. Rxd7
Kc5 39. Ra4 Kc6 40. Re7 Kc5 41. Rxe5+ Kc6 42. Ra6+ Kc7 43. Re7+ Kc8 44. Ra8#
{Black checkmated}
1-0

[Event "EDAMI"]
[Site "Internet Chess Club"]
[Date "2020.03.28"]
[Round "1"]
[White "ramonramon2006"]
[Black "pgranadap"]
[Result "1/2-1/2"]
[ICCResult "Game drawn by repetition"]
[WhiteElo "1258"]
[BlackElo "1390"]
[Opening "English: four knights, kingside fianchetto"]
[ECO "A29"]
[NIC "EO.04"]
[Time "13:00:29"]
[TimeControl "300+3"]

1. c4 e5 2. Nc3 Nf6 3. Nf3 Nc6 4. g3 Bc5 5. Bg2 O-O 6. O-O d5 7. cxd5 Nxd5
8. Nxe5 Nxc3 9. Nxc6 Nxd1 10. Nxd8 Nxf2 11. Nxf7 Nh3+ 12. Kh1 Rxf7 13. Bd5
Ng5 14. Bxf7+ Nxf7 15. d3 b6 16. e4 Bh3 17. Rf3 Ne5 18. Rf4 Nxd3 19. Rh4
Nf2+ 20. Kg1 Nd1+ 21. Kh1 Nf2+ 22. Kg1 Nd1+ 23. Kh1 Nf2+ 24. Kg1 Nd1+ 25.
Kh1 {Game drawn by repetition} 1/2-1/2

[Event "EDAMI"]
[Site "Internet Chess Club"]
[Date "2020.03.28"]
[Round "1"]
[White "leonardogila"]
[Black "morgana1965"]
[Result "0-1"]
[ICCResult "White checkmated"]
[WhiteElo "1271"]
[BlackElo "1534"]
[Opening "Benko's opening"]
[ECO "A00"]
[NIC "VO.09"]
[Time "13:00:22"]
[TimeControl "300+3"]

1. g3 e5 2. Bg2 Nc6 3. Nf3 d5 4. b3 e4 5. Ng5 Qxg5 6. d4 Qf6 7. Bb2 Qd6 8.
Nc3 Nf6 9. O-O Be7 10. Qd2 O-O 11. Nb5 Qd7 12. Bc1 a6 13. Nc3 Re8 14. Qg5
Nxd4 15. Bf4 h6 16. Qh4 Qg4 17. Bxc7 Qxh4 18. gxh4 Bb4 19. Bh3 Bxh3 20. Rfd1
Bxc3 21. e3 Ne2+ 22. Kh1 Bxa1 23. Rxa1 Rac8 24. Bf4 Rxc2 25. Bd6 Rec8 26.
Rf1 Rc1 27. Rg1 Rxg1# {White checkmated} 0-1

[Event "EDAMI"]
[Site "Internet Chess Club"]
[Date "2020.03.28"]
[Round "1"]
[White "Oierkaskarov"]
[Black "BielPipo"]
[Result "1-0"]
[ICCResult "Black checkmated"]
[WhiteElo "1420"]
[BlackElo "1068"]
[Opening "Queen's gambit accepted"]
[ECO "D20"]
[NIC "QG.03"]
[Time "13:00:17"]
[TimeControl "300+3"]

1. d4 d5 2. c4 dxc4 3. e3 e6 4. Bxc4 b6 5. Nc3 a6 6. Nf3 b5 7. Bd3 Bb4 8.
Qc2 Nc6 9. Bd2 Bd6 10. Nxb5 Be7 11. Qxc6+ Bd7 12. Nxc7+ Kf8 13. Qxa8 Qxa8
14. Nxa8 Bc6 15. Nb6 Bxf3 16. gxf3 Nf6 17. Rc1 g6 18. Rc8+ Ne8 19. Nd7+ Kg7
20. Nc5 Kf8 21. Ke2 Bxc5 22. dxc5 Ke7 23. Bc3 Kd7 24. Bxh8 Kxc8 25. Bxa6+
Kc7 26. Be5+ Kc6 27. Rd1 f6 28. Bc3 Nc7 29. Rd6+ Kxc5 30. Rd8 Nxa6 31. Rd1
Nc7 32. Bxf6 Ne8 33. Be5 Kc6 34. Bc3 Nc7 35. e4 Nb5 36. Be5 h6 37. Kd3 Na7
38. Kc4 Nc8 39. Kb4 Nb6 40. Rd6+ Kc7 41. Rxe6+ Kb7 42. Kb5 Nd7 43. Re7 Kc8
44. Kc6 Nb8+ 45. Bxb8 Kxb8 46. Rh7 h5 47. h4 Kc8 48. Rh8# {Black checkmated}
1-0

[Event "EDAMI"]
[Site "Internet Chess Club"]
[Date "2020.03.28"]
[Round "1"]
[White "Dylan2008"]
[Black "liveisgood"]
[Result "1-0"]
[ICCResult "Black forfeits on time"]
[WhiteElo "1462"]
[BlackElo "1207"]
[Opening "Four knights: Italian variation"]
[ECO "C47"]
[NIC "RG.01"]
[Time "13:00:36"]
[TimeControl "300+3"]

1. e4 e5 2. Nf3 Nf6 3. Nc3 Nc6 4. Bc4 Bb4 5. a3 Bc5 6. d3 d6 7. h3 O-O 8.
Bg5 Re8 9. Nd5 Be6 10. Nxf6+ gxf6 11. Bh6 d5 12. exd5 Bxd5 13. Bxd5 Qxd5 14.
Qd2 Nd4 15. Qd1 e4 16. Kf1 exf3 17. gxf3 {Black forfeits on time} 1-0

[Event "EDAMI"]
[Site "Internet Chess Club"]
[Date "2020.03.28"]
[Round "1"]
[White "Josep2012"]
[Black "JordiPro"]
[Result "1-0"]
[ICCResult "Black checkmated"]
[WhiteElo "1166"]
[BlackElo "1210"]
[Opening "Three knights game"]
[ECO "C46"]
[NIC "KP.06"]
[Time "13:00:32"]
[TimeControl "300+3"]

1. e4 e5 2. Nf3 Nc6 3. Nc3 Bb4 4. Bc4 d5 5. Nxd5 Nf6 6. Nxb4 Nxb4 7. d4 exd4
8. Nxd4 Kf8 9. Bd2 Bg4 10. f3 Bh5 11. Ne6+ fxe6 12. Bxb4+ Ke8 13. Qxd8+ Rxd8
14. O-O c5 15. Bxc5 Rc8 16. Bb5+ Kd8 17. Rad1+ Kc7 18. Bd6+ Kd8 19. Bf8+ Kc7
20. Bxg7 Ne8 21. Bxh8 Nd6 22. Be5 Rd8 23. Bxd6+ Rxd6 24. Rxd6 Kxd6 25. Rd1+
Kc5 26. Be2 b5 27. Re1 b4 28. f4 Be8 29. f5 e5 30. f6 a5 31. Rf1 Kd6 32. f7
Bd7 33. f8=Q+ Ke6 34. Bg4# {Black checkmated} 1-0

[Event "EDAMI"]
[Site "Internet Chess Club"]
[Date "2020.03.28"]
[Round "1"]
[White "AnithingElse"]
[Black "David2020"]
[Result "0-1"]
[ICCResult "White checkmated"]
[WhiteElo "1440"]
[BlackElo "1320"]
[Opening "Sicilian: closed"]
[ECO "B23"]
[NIC "SI.44"]
[Time "13:00:22"]
[TimeControl "300+3"]

1. e4 c5 2. Nc3 d6 3. f4 Nc6 4. Bc4 e6 5. d3 Na5 6. Bb5+ Bd7 7. Bxd7+ Qxd7
8. Nf3 a6 9. O-O g6 10. f5 exf5 11. exf5 Qxf5 12. Nd4 Qd7 13. Nf3 Bg7 14.
Qe2+ Qe7 15. Qxe7+ Nxe7 16. Ng5 O-O 17. Bf4 Rad8 18. Rae1 Nac6 19. Kh1 Nf5
20. Nd5 Bxb2 21. Ne4 Be5 22. Bxe5 dxe5 23. Nef6+ Kg7 24. Ne4 Rxd5 25. g4
Nfd4 26. c3 Ne6 27. Re3 Nf4 28. Ng5 Rxd3 29. Ree1 Rxc3 30. h4 h6 31. Ne4 Rc2
32. Rd1 Rd8 33. Rxd8 Nxd8 34. Rd1 Nde6 35. Rd7 Rxa2 36. Rxb7 c4 37. g5 h5
38. Nd6 Ra1+ 39. Kh2 Ra2+ 40. Kh1 Ra1+ 41. Kh2 c3 42. Rxf7+ Kg8 43. Rb7 c2
44. Rb8+ Kg7 45. Rb7+ Kf8 46. Rf7+ Kg8 47. Rb7 c1=Q 48. Rb8+ Kg7 49. Rb7+
Kf8 50. Rb8+ Ke7 51. Nc8+ Kd7 52. Nb6+ Kc7 53. Rc8+ Kxb6 54. Rxc1 Rxc1 55.
Kg3 a5 56. Kh2 a4 57. Kg3 a3 58. Kh2 Rc2+ 59. Kg1 a2 60. Kf1 a1=Q#
{White checkmated}
0-1

[Event "EDAMI"]
[Site "Internet Chess Club"]
[Date "2020.03.28"]
[Round "1"]
[White "MIQUELSOLEGRAUS"]
[Black "leochicano"]
[Result "0-1"]
[ICCResult "White checkmated"]
[WhiteElo "1203"]
[BlackElo "1133"]
[Opening "Alekhine's defense: Krejcik variation"]
[ECO "B02"]
[NIC "AL.10"]
[Time "13:00:31"]
[TimeControl "300+3"]

1. e4 Nf6 2. Bc4 c6 3. Nf3 Qb6 4. Ne5 Nxe4 5. Qh5 Qxf2+ 6. Kd1 Qxg2 7. Qxf7+
Kd8 8. Rg1 h5 9. Rxg2 h4 10. d3 d5 11. dxe4 dxc4 12. Nxc4 b5 13. Ne5 Kc7 14.
Qd5 cxd5 15. exd5 Bb7 16. Nc6 Nxc6 17. dxc6 Bxc6 18. Bf4+ e5 19. Bxe5+ Kd7
20. Rd2+ Ke6 21. Rd6+ Kxe5 22. Rxc6 Rh5 23. Nd2 Re8 24. Nf3+ Ke4 25. Ke2 h3
26. Ng1 Rg5 27. Nxh3 Rg2+ 28. Kd1 Rxh2 29. Rc5 a6 30. Ng1 Re6 31. Rc3 Rf6
32. Nf3 b4 33. Rd3 Kf4 34. Nxh2 Ke4 35. Ng4 Rf1+ 36. Ke2 Rxa1 37. Re3+ Kf4
38. Ne5 Bd6 39. Rf3+ Kxe5 40. Rf1 Rxa2 41. c3 Rxb2+ 42. Kd1 Rb1+ 43. Ke2
Rb2+ 44. Ke1 bxc3 45. Rf2 c2 46. Kd2 c1=Q+ 47. Kxc1 Rxf2 48. Kd1 a5 49. Ke1
Rh2 50. Kf1 a4 51. Kg1 Rb2 52. Kf1 a3 53. Ke1 a2 54. Kd1 a1=Q#
{White checkmated}
0-1

[Event "EDAMI"]
[Site "Internet Chess Club"]
[Date "2020.03.28"]
[Round "1"]
[White "Alexelnub"]
[Black "NoaEscacs"]
[Result "0-1"]
[ICCResult "White forfeits on time"]
[WhiteElo "1068"]
[BlackElo "1421"]
[Opening "KP: Lopez opening"]
[ECO "C20"]
[NIC "KP.10"]
[Time "13:00:26"]
[TimeControl "300+3"]

1. e4 e5 2. c3 Nf6 3. d4 Nc6 4. dxe5 Nxe4 5. f3 Nc5 6. Be3 f6 7. Bxc5 Bxc5
8. Nh3 Nxe5 9. Nd2 d6 10. Nb3 b6 11. Nxc5 bxc5 12. b4 cxb4 13. cxb4 Rb8 14.
b5 Bd7 15. Nf2 Bxb5 16. Bxb5+ Rxb5 17. Rb1 Rxb1 18. Qxb1 O-O 19. O-O c6 20.
a4 Qb8 21. Qc1 Qb4 22. Qa1 c5 23. Ng4 Nxg4 24. fxg4 Qd4+ 25. Kh1 Qxa1 26.
Rxa1 Re8 27. Kg1 d5 28. Kf1 Re4 29. h3 c4 30. Rd1 d4 31. Kf2 d3 32. Kf3 Rd4
33. Ke3 Rd5 34. Ke4 Rd7 35. h4 g6 36. g5 f5+ 37. Ke5 c3 38. Rc1 d2 39. Rd1
c2 40. a5 cxd1=Q 41. Kf4 Qg4+ 42. Ke3 d1=Q 43. a6 Qe4+ 44. Kf2 Rd2+ 45. Kg3
f4+ 46. Kh3 Qe3+ {White forfeits on time} 0-1

[Event "EDAMI"]
[Site "Internet Chess Club"]
[Date "2020.03.28"]
[Round "1"]
[White "JORDISOLEGRAUS"]
[Black "Mark888"]
[Result "0-1"]
[ICCResult "White checkmated"]
[WhiteElo "1207"]
[BlackElo "1153"]
[Opening "Bishop's opening"]
[ECO "C23"]
[NIC "IG.04"]
[Time "13:03:11"]
[TimeControl "300+3"]

1. e4 e5 2. Bc4 Qh4 3. Qh5 Qxh5 4. Nf3 Bb4 5. c3 Bc5 6. Nxe5 Qxe5 7. b3 Nf6
8. d4 Qxe4+ 9. Kf1 O-O 10. dxc5 Ng4 11. f3 Ne3+ 12. Bxe3 Qxe3 13. Na3 Re8
14. Nb5 a6 15. Nxc7 Ra7 16. Nxe8 Qxe8 17. Re1 Qf8 18. Bd5 Qxc5 19. Re8+ Qf8
20. Rxf8+ Kxf8 21. Bc4 b5 22. Bd5 Rc7 23. Be4 Rxc3 24. Kf2 d6 25. Bxh7 g6
26. Re1 Kg7 27. Bxg6 fxg6 28. Re7+ Kf6 29. Re4 Rc2+ 30. Kg3 Kf5 31. Rf4+ Ke5
32. a4 g5 33. Rg4 Bxg4 34. fxg4 d5 35. axb5 axb5 36. h4 gxh4+ 37. Kxh4 d4
38. Kg3 d3 39. Kh2 Rc1 40. b4 d2 41. g5 d1=Q 42. g6 Qh5+ 43. Kg3 Rc3+ 44.
Kf2 Qg4 45. g7 Qg3+ 46. Ke2 Rc2+ 47. Kf1 Qxg2+ 48. Ke1 Qg1# {White
checkmated} 0-1

[Event "EDAMI"]
[Site "Internet Chess Club"]
[Date "2020.03.28"]
[Round "1"]
[White "irojassu"]
[Black "FERNANDOA9"]
[Result "0-1"]
[ICCResult "White checkmated"]
[WhiteElo "1216"]
[BlackElo "1202"]
[Opening "Bishop's opening"]
[ECO "C23"]
[NIC "IG.04"]
[Time "13:00:24"]
[TimeControl "300+3"]

1. e4 e5 2. Bc4 Nc6 3. Qh5 g6 4. Qg4 d6 5. d3 Bxg4 6. h3 Bd7 7. h4 Qe7 8.
Bg5 Nf6 9. f4 O-O-O 10. fxe5 Nxe5 11. Nh3 Nxc4 12. dxc4 Bg7 13. e5 dxe5 14.
Nf2 Rde8 15. Nd3 Bf5 16. Kd1 Bg4+ 17. Kd2 Qd6 18. c5 Qc6 19. b4 Qxg2+ 20.
Nf2 Qxf2+ 21. Kc3 Qf3+ 22. Kc4 Qxh1 23. b5 Qd5+ 24. Kb4 Qd4+ 25. Ka5 Qxa1
26. b6 Qxb1 27. bxa7 Kd7 28. c3 Qxa2+ 29. Kb5 Qxa7 30. Kc4 Re6 31. Be3 Qa6+
32. Kb4 b6 33. cxb6 cxb6 34. Kb3 Rc6 35. Bd2 Qc4+ 36. Kb2 e4 37. Be3 b5 38.
Kc1 Qxc3+ 39. Kb1 b4 40. Ka2 Qb3+ 41. Kxb3 Rb8 42. Ba7 Rc3+ 43. Kb2 Ra8 44.
Bb6 Raa3 45. Bd4 Rcb3+ 46. Kc2 e3 47. Bb2 Bf5+ 48. Kd1 Ra2 49. Bc1 Rb1 50.
h5 Bc2+ 51. Ke1 Bd3 52. hxg6 Rxc1# {White checkmated} 0-1

[Event "EDAMI"]
[Site "Internet Chess Club"]
[Date "2020.03.28"]
[Round "1"]
[White "Adrisam"]
[Black "Marc12"]
[Result "0-1"]
[ICCResult "White forfeits on time"]
[WhiteElo "1233"]
[BlackElo "1254"]
[Opening "Réti: King's Indian attack (Barcza system)"]
[ECO "A07"]
[NIC "QP.09"]
[Time "13:00:16"]
[TimeControl "300+3"]

1. Nf3 d5 2. g3 Nc6 3. Bg2 e5 4. d3 Nf6 5. Nc3 d4 6. Nb5 a6 7. Na3 Bb4+ 8.
Bd2 Bxd2+ 9. Qxd2 Bd7 10. O-O Qc8 11. Qg5 O-O 12. Qh4 Re8 13. Ng5 h6 14. Nf3
Bg4 15. Nc4 Bf5 16. e4 Bg6 17. Ncd2 Nd7 18. b4 Nxb4 19. Rab1 Nxc2 20. Rfc1
Na3 21. Nc4 Nxb1 22. Rxb1 Nb6 23. Na5 Qd7 24. Rb4 Ra7 25. Nxe5 Qd6 26. a3
Qxe5 27. Nc4 Nxc4 28. dxc4 Bxe4 29. Bh3 Qa5 30. Rb3 Bh1 31. Kxh1 Qe1+ 32.
Kg2 Re2 33. Qd8+ Kh7 34. Bf5+ g6 35. Bd3 Qxf2+ 36. Kh3 Qxh2+ 37. Kg4 Qh5+
38. Kf4 Rf2+ 39. Ke4 Qg4+ 40. Kd5 c6+ 41. Kc5 Qh5+ 42. Kb6 Qd1 43. Kxa7 Qxb3
44. Be4 Qxc4 45. Bxg6+ Kxg6 46. Qg8+ Kf6 47. Qh8+ Ke7 48. Qxh6 Qc5+ 49. Kb8
Rf6 50. g4 Rxh6 51. g5 Rh8+ 52. Kc7 Qa5+ 53. Kxb7 Qb5+ 54. Ka7 Rb8
{White forfeits on time}
0-1

[Event "EDAMI"]
[Site "Internet Chess Club"]
[Date "2020.03.28"]
[Round "1"]
[White "Danielosky"]
[Black "Onayague"]
[Result "1-0"]
[ICCResult "Black forfeits on time"]
[WhiteElo "1050"]
[BlackElo "1173"]
[Opening "KP: Indian opening"]
[ECO "C20"]
[NIC "KP.10"]
[Time "13:03:11"]
[TimeControl "300+3"]

1. e4 e5 2. d3 Bb4+ 3. c3 Bc5 4. a3 Nh6 5. Nh3 O-O 6. Be2 Qh4 7. O-O d6 8.
Nd2 Bxh3 9. Nf3 Qh5 10. Be3 Bxe3 11. fxe3 Qg6 12. Nh4 Qf6 13. Qe1 Qg5 14.
Qg3 Qxg3 15. hxg3 Be6 16. g4 Nd7 17. g5 Ng4 18. Rf3 Ndf6 19. gxf6 Nxf6 20.
Nf5 Nh5 21. Ne7+ Kh8 22. Rg3 Nxg3 23. Bh5 f6 24. Bf3 f5 25. Kh2 f4 26. exf4
exf4 27. Rh1 Nxh1 28. Kxh1 Rf6 29. Nd5 Rh6+ 30. Kg1 Rf8 31. Nxc7 Rff6 32. b4
Rh4 33. a4 Rfh6 34. a5 Rh1+ 35. Kf2 R6h2 36. Nxe6 {Black forfeits on time}
1-0

[Event "EDAMI"]
[Site "Internet Chess Club"]
[Date "2020.03.28"]
[Round "2"]
[White "Marc12"]
[Black "Luar10"]
[Result "1-0"]
[ICCResult "Black checkmated"]
[WhiteElo "1282"]
[BlackElo "1528"]
[Opening "Giuoco Pianissimo: Canal variation"]
[ECO "C55"]
[NIC "IG.01"]
[Time "13:19:59"]
[TimeControl "300+3"]

1. e4 e5 2. Nf3 Nc6 3. Bc4 Nf6 4. d3 Bc5 5. Nc3 d6 6. Bg5 Be6 7. Bd5 O-O 8.
Qd2 h6 9. Bxh6 gxh6 10. Qxh6 Bxd5 11. Nxd5 Nxd5 12. exd5 Nd4 13. Ng5 Re8 14.
Qh7+ Kf8 15. Qxf7# {Black checkmated} 1-0

[Event "EDAMI"]
[Site "Internet Chess Club"]
[Date "2020.03.28"]
[Round "2"]
[White "NoaEscacs"]
[Black "Poleras123"]
[Result "1-0"]
[ICCResult "Black checkmated"]
[WhiteElo "1463"]
[BlackElo "1213"]
[Opening "KP: Patzer opening"]
[ECO "C20"]
[NIC "KP.10"]
[Time "13:21:03"]
[TimeControl "300+3"]

1. e4 e5 2. Qh5 Nc6 3. Nc3 Nf6 4. Qf3 Bc5 5. h3 d6 6. d3 Be6 7. Be3 Bxe3 8.
Qxe3 Qd7 9. Nf3 O-O-O 10. O-O-O Rhe8 11. d4 exd4 12. Nxd4 Nxd4 13. Qxd4 h6
14. Qxa7 g6 15. Qa8# {Black checkmated} 1-0

[Event "EDAMI"]
[Site "Internet Chess Club"]
[Date "2020.03.28"]
[Round "2"]
[White "Onayague"]
[Black "MiquelGil"]
[Result "1-0"]
[ICCResult "Black checkmated"]
[WhiteElo "1216"]
[BlackElo "979"]
[Opening "Vienna game"]
[ECO "C28"]
[NIC "AL.10"]
[Time "13:20:02"]
[TimeControl "300+3"]

1. e4 Nf6 2. Nc3 Nc6 3. Bc4 e5 4. Nh3 d5 5. exd5 Nxd5 6. Nxd5 Bd6 7. Nc3 Bd7
8. Qf3 Qc8 9. Qxf7+ Kd8 10. d3 Be6 11. Bxe6 Rf8 12. Bg5+ Be7 13. Bxe7+ Nxe7
14. Qxf8# {Black checkmated} 1-0

[Event "EDAMI"]
[Site "Internet Chess Club"]
[Date "2020.03.28"]
[Round "2"]
[White "JotaAlvarez"]
[Black "LucasCh"]
[Result "1-0"]
[ICCResult "Black checkmated"]
[WhiteElo "1400"]
[BlackElo "1116"]
[Opening "King's pawn game"]
[ECO "C50"]
[NIC "IG.03"]
[Time "13:20:10"]
[TimeControl "300+3"]

1. e4 e5 2. Nf3 Nc6 3. Bc4 a5 4. d4 exd4 5. Nxd4 Nf6 6. Nxc6 bxc6 7. Nc3 Ba6
8. Bxa6 Rxa6 9. O-O d5 10. Qe2 dxe4 11. Qxa6 Bc5 12. Qxc6+ Ke7 13. Qxc5+ Ke8
14. Bg5 h6 15. Qe5+ Kd7 16. Rad1+ Nd5 17. Bxd8 Kxd8 18. Rxd5+ Kc8 19. Rc5
Kb7 20. Qxc7+ Ka6 21. Rxa5# {Black checkmated} 1-0

[Event "EDAMI"]
[Site "Internet Chess Club"]
[Date "2020.03.28"]
[Round "2"]
[White "pgranadap"]
[Black "didi08"]
[Result "1-0"]
[ICCResult "Black checkmated"]
[WhiteElo "1415"]
[BlackElo "1333"]
[Opening "Scotch opening"]
[ECO "C44"]
[NIC "KP.10"]
[Time "13:20:10"]
[TimeControl "300+3"]

1. e4 e5 2. Nf3 Nc6 3. d4 Bb4+ 4. c3 Bf8 5. d5 Na5 6. b4 Nf6 7. Bd3 b6 8.
bxa5 Bc5 9. Nxe5 O-O 10. O-O bxa5 11. g4 Rb8 12. g5 Nh5 13. Qxh5 g6 14. Qh6
Re8 15. Ng4 Qe7 16. Nf6+ Kh8 17. Qxh7# {Black checkmated} 1-0

[Event "EDAMI"]
[Site "Internet Chess Club"]
[Date "2020.03.28"]
[Round "2"]
[White "ArnauGuasch"]
[Black "AnithingElse"]
[Result "0-1"]
[ICCResult "White checkmated"]
[WhiteElo "1143"]
[BlackElo "1446"]
[Opening "King's Indian: East Indian defense"]
[ECO "A48"]
[NIC "QP.06"]
[Time "13:21:49"]
[TimeControl "300+3"]

1. d4 Nf6 2. Nf3 g6 3. Ng5 Bg7 4. Qd3 d6 5. Qc4 O-O 6. Qxf7+ Rxf7 7. Nxf7
Kxf7 8. g3 Bf5 9. Bd2 Bxc2 10. Bc1 Nbd7 11. Bg2 Be4 12. Bxe4 Nxe4 13. Nd2
Nxd2 14. Kxd2 Bxd4 15. e3 Bg7 16. Rb1 Nc5 17. Ke1 Ne4 18. Rg1 Kg8 19. b3 Qf8
20. Rb2 Bxb2 21. Bxb2 Qxf2+ 22. Kd1 Qd2# {White checkmated} 0-1

[Event "EDAMI"]
[Site "Internet Chess Club"]
[Date "2020.03.28"]
[Round "2"]
[White "leochicano"]
[Black "Oierkaskarov"]
[Result "0-1"]
[ICCResult "White checkmated"]
[WhiteElo "1128"]
[BlackElo "1443"]
[Opening "Réti opening"]
[ECO "A05"]
[NIC "QP.11"]
[Time "13:20:39"]
[TimeControl "300+3"]

1. Nf3 Nf6 2. c3 d5 3. Qb3 c5 4. c4 Nc6 5. cxd5 Nxd5 6. e4 Nf6 7. e5 Nd5 8.
Bc4 e6 9. Bxd5 exd5 10. d4 b6 11. dxc5 bxc5 12. Nc3 Rb8 13. Nxd5 Rxb3 14.
axb3 Qxd5 15. Ra3 Nxe5 16. Nxe5 Qxe5+ 17. Be3 Qxb2 18. Ra4 Qb1+ 19. Ke2 Qxh1
20. Bf4 Bg4+ 21. f3 Qxg2+ 22. Ke3 Qxf3+ 23. Kd2 Qe2+ 24. Kc3 g6 25. h3 Bg7+
26. Be5 Bxe5+ 27. Rd4 Bxd4# {White checkmated} 0-1

[Event "EDAMI"]
[Site "Internet Chess Club"]
[Date "2020.03.28"]
[Round "2"]
[White "paugallego"]
[Black "Adrisam"]
[Result "1-0"]
[ICCResult "Black checkmated"]
[WhiteElo "1310"]
[BlackElo "1170"]
[Opening "King's Indian: Sämisch, 6...Nc6"]
[ECO "E83"]
[NIC "KI.36"]
[Time "13:20:05"]
[TimeControl "300+3"]

1. d4 Nf6 2. c4 g6 3. Nc3 Bg7 4. e4 d6 5. Be3 Nc6 6. f3 O-O 7. Nge2 Be6 8.
d5 Nb4 9. dxe6 fxe6 10. a3 Nc6 11. Qd2 e5 12. Bh6 Kh8 13. Bxg7+ Kxg7 14. Ng3
Na5 15. Qc2 Qd7 16. Be2 Qc6 17. Qa4 Nxc4 18. Qxc6 bxc6 19. Bxc4 Rab8 20. b4
c5 21. Rb1 cxb4 22. axb4 c5 23. b5 Rb7 24. Bd5 Rb6 25. O-O Rfb8 26. Bc4 a6
27. bxa6 Rxb1 28. Rxb1 Ra8 29. Ra1 Rb8 30. a7 Ra8 31. Nd5 Nxd5 32. Bxd5 Rc8
33. a8=Q Rxa8 34. Rxa8 e6 35. Ra7+ Kh6 36. Bxe6 d5 37. exd5 c4 38. d6 c3 39.
d7 c2 40. Ra1 e4 41. d8=Q e3 42. Qh4+ Kg7 43. Ra7+ Kf8 44. Qf6+ Ke8 45. Qe7#
{Black checkmated}
1-0

[Event "EDAMI"]
[Site "Internet Chess Club"]
[Date "2020.03.28"]
[Round "2"]
[White "David2020"]
[Black "Danielosky"]
[Result "1-0"]
[ICCResult "Black checkmated"]
[WhiteElo "1329"]
[BlackElo "1044"]
[Opening "QP counter-gambit (elephant gambit)"]
[ECO "C40"]
[NIC "KP.10"]
[Time "13:20:21"]
[TimeControl "300+3"]

1. e4 e5 2. Nf3 d5 3. exd5 Qxd5 4. Nc3 Qe6 5. d3 Bb4 6. Bd2 Ne7 7. a3 Bxc3
8. Bxc3 O-O 9. Be2 e4 10. dxe4 Qxe4 11. O-O Nbc6 12. Re1 Rd8 13. Bd3 Qe6 14.
Rxe6 Bxe6 15. Ng5 h6 16. Nxe6 fxe6 17. Qg4 e5 18. Qe4 Rf8 19. Qh7+ Kf7 20.
Bc4+ Ke8 21. Qxg7 a6 22. Rd1 Rd8 23. Rxd8+ Nxd8 24. Qxe5 b5 25. Bd3 Nf7 26.
Qe6 c5 27. Ba5 c4 28. Bg6 Rg8 29. Qxf7+ Kd7 30. Bf5+ Kd6 31. Bb4+ Kc7 32.
Qxe7+ Kb6 33. Qe6+ Kb7 34. Qxg8 Kb6 35. Qe6+ Kc7 36. Qd6+ Kb7 37. Be4+ Kc8
38. Ba5 h5 39. Qc7# {Black checkmated} 1-0